 Dungeon Crawl Stone Soup version 0.28-a0-1429-gf3d713df7a (webtiles) character file.

Game seed: 16786245038813452571

360 tatocazan the Skirmisher (level 6, -6/48 HPs)
             Began as a Demonspawn Fighter on Jan 9, 2022.
             Was an Initiate of Okawaru.
             Mangled by a gnoll (8 damage)
             ... on level 5 of the Dungeon.
             The game lasted 00:04:39 (4522 turns).

tatocazan the Skirmisher (Demonspawn Fighter)       Turns: 4522, Time: 00:04:40

Health: -6/48      AC: 11    Str: 18    XL:     6   Next: 38%
Magic:  0/7        EV:  9    Int:  9    God:    Okawaru [......]
Gold:   126        SH:  5    Dex: 13    Spells: 5/5 levels left

rFire   . . .      SeeInvis .   a - +0 war axe
rCold   . . .      Faith    .   c - +0 buckler
rNeg    . . .      Spirit   +   b - +0 scale mail
rPois   .          Reflect  .   (no helmet)
rElec   .          Harm     .   (no cloak)
rCorr   .          Rampage  .   e - +0 pair of gloves
Will    .....                   o - +0 pair of boots
Stlth   ..........              n - amulet of guardian spirit
HPRegen 0.16/turn               (no ring)
MPRegen 0.10/turn               (no ring)

@: no status effects
A: slimy green scales 1, ignite blood 1
a: Renounce Religion


You were on level 5 of the Dungeon.
You worshipped Okawaru.
Okawaru was noncommittal.
You visited 2 branches of the dungeon, and saw 6 of its levels.

You collected 126 gold pieces.

Inventory:

Hand Weapons
 a - a +0 war axe (weapon)
Missiles
 m - 2 throwing nets (quivered)
 p - 5 curare-tipped darts
Armour
 b - a +0 scale mail (worn)
 c - a +0 buckler (worn)
 e - a +0 pair of gloves (worn)
 o - a +0 pair of boots (worn)
Jewellery
 n - an amulet of guardian spirit (around neck)
Scrolls
 f - 3 scrolls of identify {unknown}
 h - a scroll of magic mapping {unknown}
 j - a scroll of amnesia {unknown}
 l - 2 scrolls of fear {unknown}
 q - 2 scrolls of teleportation {unknown}
Potions
 d - a potion of might
 g - a potion of mutation {unknown}
 i - 2 potions of haste {unknown}
 k - 2 potions of curing {unknown}


   Skills:
 + Level 4.2 Fighting
 * Level 3.6 Axes
 + Level 3.8 Armour
 + Level 3.8 Shields
 + Level 1.7 Invocations


You had 5 spell levels left.
You didn't know any spells.
Your spell library contained the following spells:

 Spells                   Type           Power      Damage    Failure   Level
 Pain                     Necr           0%         1d4       86%         1
 Vampiric Draining        Necr           0%         2d6       99%         3
 Animate Skeleton         Necr           Unusable   N/A       N/A         1

Dungeon Overview and Level Annotations

Branches:
Dungeon (5/15)             Temple (1/1) D:4

Altars:
Ashenzari
Cheibriados
Dithmenos
Elyvilon
Gozag
Hepliaklqana
Kikubaaqudgha
Nemelex Xobeh
Okawaru
Qazlal
Ru
Trog
Vehumet
Wu Jian
Yredelemnul
Zin
The Shining One


Innate Abilities, Weirdness & Mutations

You are partially covered in slimy green scales. (AC +2)
Your demonic aura sometimes causes spilled blood to erupt in flames.


Message History

You barely miss the iguana. You block the gnoll's attack.
The iguana bites you but does no damage.
The gnoll closely misses you. The hound completely misses you.
The iguana bites you. The gnoll hits you with a +0 spear!
You block the gnoll's attack. The iguana bites you. The gnoll misses you.
The hound bites you but does no damage.
You take 11 damage, and have 16/48 hp.
MASSIVE DAMAGE!!
You now have 3/7 mp.
You closely miss the gnoll.
The gnoll is severely wounded.
You barely miss the iguana. You closely miss the hound.
You barely miss the gnoll. You closely miss the iguana.
The iguana bites you but does no damage.
The gnoll hits you but does no damage. The hound bites you but does no damage.
The gnoll barely misses you. You block the iguana's attack.
The gnoll closely misses you.
The iguana bites you but does no damage.
The gnoll closely misses you. The hound closely misses you.
You closely miss the gnoll.
The gnoll is severely wounded.
You hit the iguana but do no damage. You hit the gnoll.
You kill the gnoll!
Okawaru accepts your kill.
You hit the hound but do no damage. You hit the iguana.
The hound bites you but does no damage.
The gnoll hits you from afar with a +0 halberd!
* * * LOW HITPOINT WARNING * * *
The iguana bites you.
* * * LOW HITPOINT WARNING * * *
You block the gnoll's attack.
The iguana bites you but does no damage.
The hound bites you but does no damage.
You take 11 damage, and have 6/48 hp.
MASSIVE DAMAGE!!
You now have 0/7 mp.
You hit the gnoll.
You kill the gnoll!
Okawaru accepts your kill.
You hit the iguana but do no damage. You closely miss the hound.
You barely miss the iguana. The iguana bites you.
* * * LOW HITPOINT WARNING * * *
The gnoll hits you from afar with a +0 halberd!
You die...

# #...# #. ....### #..
......# #.## ......#
...##..!...# #.#
#..........
....####.hl○.....#
...#........)@lg....#
#..#............○.......
#.................######
..#.#.....>............
.................###...
.......................
. #...........##.......
.##.......).........###
.........#.#.########


You could see 2 iguanas, a hound and a gnoll.

Vanquished Creatures
  A jelly (D:5)
  A hound (D:4)
  A gnoll shaman (D:4)
  A centaur skeleton (D:5)
  Terence (D:2)
  13 gnolls
  A howler monkey skeleton (D:4)
  An adder (D:4)
  An adder skeleton (D:4)
  3 dart slugs
  An orc (D:4)
  5 ball pythons
  5 endoplasms
  3 giant cockroaches
  10 goblins
  8 hobgoblins
  3 jackals (D:1)
  5 kobolds
  3 quokkas
  4 bats
  A frilled lizard (D:1)
  6 rats
78 creatures vanquished.

Notes
Turn   | Place    | Note
-------+----------+-------------------------------------------
     0 | D:1      | tatocazan the Demonspawn Fighter began the quest for the
                  | Orb.
     0 | D:1      | Reached XP level 1. HP: 18/18 MP: 1/1
   158 | D:1      | Gained mutation: You are partially covered in slimy green
                  | scales. (AC +2) [demonic ancestry]
   158 | D:1      | Reached XP level 2. HP: 15/24 MP: 2/2
   463 | D:1      | Found a faded altar of an unknown god.
  1003 | D:2      | Gained mutation: Your demonic aura sometimes causes spilled
                  | blood to erupt in flames. [demonic ancestry]
  1003 | D:2      | Reached XP level 3. HP: 29/29 MP: 3/3
  1157 | D:2      | Noticed Terence
  1159 | D:2      | Killed Terence
  1587 | D:3      | Reached XP level 4. HP: 33/35 MP: 4/4
  1880 | D:3      | Found a broken altar of Ashenzari.
  3089 | D:4      | Reached XP level 5. HP: 42/42 MP: 3/5
  3113 | D:4      | Found a staircase to the Ecumenical Temple.
  3122 | Temple   | Entered the Ecumenical Temple
  3218 | Temple   | Became a worshipper of Warmaster Okawaru
  3357 | D:4      | Reached skill level 4 in Fighting
  3498 | D:4      | Reached skill level 1 in Invocations
  4020 | D:4      | Reached XP level 6. HP: 24/48 MP: 3/6
  4464 | D:5      | Entered Level 5 of the Dungeon
  4522 | D:5      | HP: 2/48 [iguana (4)]
  4522 | D:5      | Mangled by a gnoll

Illustrated notes

Levels and vault maps discovered:
D:1:      dpeg_arrival_houses_and_road, layout_basic,
          hellmonk_ecumenical_altar_blasted
D:2:      layout_loops_ring, minmay_bisected, uniq_terence
D:3:      layout_loops_cross, nicolae_ashenzari_skybound,
          nicolae_elyvilon_peaceful_grove, kennysheep_generic_room_6
D:4:      layout_cave_pods, minmay_temple_entry_mini_moons
D:5:      layout_rooms, minmay_joined_circles, uniq_sigmund
Temple:   regret_index_temple_waves

Skill      XL: |  1  2  3  4  5 |
---------------+----------------+-----
Axes           | 2 3 |  3.6
Armour         | 3 |  3.8
Shields        | 3 |  3.8
Fighting       | 4 |  4.2
Invocations    | 1 |  1.7

Action                   |  1- 3 |  4- 6 || total
-------------------------+-------+-------++-------
Melee: War axe           |    80 |   114 ||   194
  Use: Potion            |       |     2 ||     2
Armor: Scale mail        |    46 |    78 ||   124
Dodge: Dodged            |    37 |    88 ||   125
Block: Buckler           |    20 |    47 ||    67

Table legend: (Time is in decaauts)
 A = Elapsed time spent in this place.
 B = Non-inter-level travel time spent in this place.
 C = Inter-level travel time spent in this place.
 D = Time resting spent in this place.
 E = Time spent auto-exploring this place.
 F = Levels seen in this place.
 G = Mean time per level.
                   A        B        C        D        E       F      G
               +--------+--------+--------+--------+--------+-----+--------+
         Total |   4605 |   4417 |    188 |   1175 |   2586 |   6 |  767.5 |
       Dungeon |   4447 |   4314 |    133 |   1175 |   2529 |   5 |  889.4 |
        Temple |    158 |    103 |     55 |      0 |     57 |   1 |  158.0 |
               +--------+--------+--------+--------+--------+-----+--------+

Top non-repeatable levels by time:
     D:2: 1359 daAuts
     D:4: 1347 daAuts
     D:1: 917 daAuts
     D:3: 759 daAuts
  Temple: 158 daAuts
     D:5: 62 daAuts
